 Dungeon Crawl Stone Soup version 0.31-a0-187-gba352fbbf7 (webtiles) character file.

Game seed: 11259241027307133293

102 qw the Shooter (level 4, -5/25 HPs)
             Began as a Deep Elf Hunter on June 22, 2023.
             Slain by a gnoll
             ... wielding a +0 halberd
              (13 damage)
             ... on level 2 of the Dungeon.
             The game lasted 00:00:21 (827 turns).

qw the Shooter (Deep Elf Hunter)                     Turns: 827, Time: 00:00:22

Health: -5/25      AC:  3    Str: 10    XL:     4   Next: 49%
Magic:  6/6        EV: 12    Int: 14    God:
Gold:   40         SH:  0    Dex: 18    Spells: 3/3 levels left

rFire   . . .        f - +0 shortbow (heavy)
rCold   . . .        (shield currently unavailable)
rNeg    . . .        c - +0 leather armour
rPois   .            (no helmet)
rElec   .            (no cloak)
rCorr   .            (no gloves)
SInv    .            (no boots)
Will    .....        (no amulet)
Stlth   ++           (no ring)
HPRegen 0.24/turn    (no ring)
MPRegen 0.10/turn

%: no passive effects
@: no status effects
A: no striking features
a: no special abilities


You were on level 2 of the Dungeon.
You visited 1 branch of the dungeon, and saw 2 of its levels.

You collected 40 gold pieces.


   Skills:
 - Level 1.5 Fighting
 + Level 7.9 Ranged Weapons
 - Level 2.4 Dodging
 - Level 1.2 Stealth


You had 3 spell levels left.
You didn't know any spells.
Your spell library was empty.

Inventory:

Hand Weapons
 f - a +0 heavy shortbow (weapon)
Armour
 c - a +0 leather armour (worn)
Scrolls
 a - a scroll of identify {unknown}
Potions
 b - a potion of heal wounds {unknown}
 d - a potion of degeneration {unknown}

Dungeon Overview and Level Annotations

Branches:
Dungeon (2/15)

Altars:


Message History

The gnoll shouts!
The arrow hits the gnoll.
The gnoll is lightly wounded.
You hear a shout!
A goblin comes into view. It is wielding a +0 dagger.
A gnoll comes into view. It is wielding a +0 spear.
You hear a shout!
You shoot an arrow. The arrow hits the goblin!
You kill the goblin!
A goblin comes into view. It is wielding a +0 dagger.
You shoot an arrow. The arrow hits the gnoll!
The gnoll is almost dead.
A gnoll comes into view. It is wielding a +0 halberd.
820 ||| Stepping ~*~*~tactically~*~*~ (outnumbered).
Found 8 gold pieces.
Enter note:
Enter note: You shoot an arrow.
The arrow closely misses the goblin.
The goblin closely misses you. The goblin barely misses you.
The gnoll hits you with a +0 whip.
You shoot an arrow. The arrow hits the gnoll!
You kill the gnoll!
The goblin barely misses you. The gnoll barely misses you.
You shoot an arrow. The arrow hits the goblin.
You kill the goblin!
The gnoll hits you from afar with a +0 spear.
The gnoll barely misses you.
You shoot an arrow. The arrow hits the gnoll!
The gnoll is almost dead.
The gnoll hits you from afar with a +0 spear!
You shoot an arrow. The arrow hits the gnoll!!
You kill the gnoll!
The gnoll closely misses you.
You shoot an arrow. The arrow barely misses the gnoll.
The gnoll closely misses you.
You shoot an arrow. The arrow hits the gnoll!
The gnoll is heavily wounded.
The gnoll hits you from afar with a +0 halberd!
Ouch! That really hurt!
You die...

#g #. #. ##g # ..
.# #> #.#
#g##..#.#
#.)@)...#
##.#).### #.#..#
#)#..# #.#.$#
#.#..# #.#..#
#.#..#
#############.#..#


You could see a gnoll.

Vanquished Creatures
  Jessica (D:2)
  An adder (D:2)
  2 gnolls (D:2)
  2 dart slugs (D:1)
  3 bats (D:1)
  4 endoplasms
  2 giant cockroaches (D:1)
  6 hobgoblins
  2 jackals (D:1)
  4 quokkas
  2 ball pythons
  3 frilled lizards
  5 goblins
  3 rats
40 creatures vanquished.

Notes
Turn   | Place    | Note
-------+----------+-------------------------------------------
     0 | D:1      | qw the Deep Elf Hunter began the quest for the Orb.
     0 | D:1      | Reached XP level 1. HP: 12/12 MP: 3/3
     0 | D:1      | 0 ||| qw: Version: 0.3-a-9-g12657ce
     0 | D:1      | 0 ||| qw: Game counter: 2051
     0 | D:1      | 0 ||| qw: Always use a shield: true
     0 | D:1      | 0 ||| qw: God list: Okawaru
     0 | D:1      | 0 ||| qw: Allow faded altars: false
     0 | D:1      | 0 ||| qw: Do Orc after D:15 true
     0 | D:1      | 0 ||| qw: Do second Lair branch before Depths: true
     0 | D:1      | 0 ||| qw: Lair rune preference: random
     0 | D:1      | 0 ||| qw: Plans: Normal
     0 | D:1      | 0 ||| PLANNING D:1-11
    72 | D:1      | Reached skill level 6 in Ranged Weapons
    72 | D:1      | Reached XP level 2. HP: 16/16 MP: 4/4
   370 | D:1      | Found a faded altar of an unknown god.
   384 | D:1      | Reached XP level 3. HP: 20/20 MP: 5/5
   568 | D:1      | 568 ||| READING scroll labelled VIURCHO ZEPIOMI.
   569 | D:1      | 569 ||| READING scroll labelled DEINEKKARCH.
   574 | D:1      | 574 ||| DROPPING scroll of butterflies.
   606 | D:2      | Reached skill level 7 in Ranged Weapons
   737 | D:2      | Noticed Jessica
   742 | D:2      | Killed Jessica
   743 | D:2      | Reached XP level 4. HP: 25/25 MP: 6/6
   820 | D:2      | 820 ||| Stepping ~*~*~tactically~*~*~ (outnumbered).
   827 | D:2      | Slain by a gnoll

Levels and vault maps discovered:
D:1:      nzn_arrival_crosshair, layout_basic,
          hellmonk_ecumenical_altar_inner_sanctum
D:2:      minmay_door_path, layout_loops_ring, basic_altar, uniq_jessica

Skill      XL: |  1  2  3 |
---------------+----------+-----
Ranged Weapons | 6 7 |  7.9
Fighting       | |  1.5
Dodging        | |  2.4
Stealth        | |  1.2

Action                     |  1- 3 |  4- 6 || total
---------------------------+-------+-------++-------
   Fire: Shortbow          |    70 |    10 ||    80
    Use: Scroll            |     2 |       ||     2
 Armour: Leather armour    |     6 |       ||     6
  Dodge: Dodged            |     8 |     7 ||    15

Table legend:
 A = Non-vault XP
 B = Vault XP
 C = Vault XP percentage of total XP
 D = Non-vault monster count
 E = Vault monster count
 F = Vault count percentage of total count
                 A         B        C        D         E       F
            +---------+---------+-------+---------+---------+-------
      Total |     107 |      39 |  26.7 |      37 |       3 |   7.5
            +---------+---------+-------+---------+---------+-------
        D:1 |      47 |       0 |   0.0 |      24 |       0 |   0.0
        D:2 |      60 |      39 |  39.4 |      13 |       3 |  18.8
            +---------+---------+-------+---------+---------+-------
